 Dungeon Crawl Stone Soup version 0.23.2-40-g277498a001 (webtiles) character file.

Game seed: 17692830229186579976

9296 DildoBatman the Artisan of Death (level 11, -4/75 HPs)
             Began as a Formicid Wizard on Oct 16, 2019.
             Was a Priest of Kikubaaqudgha.
             Slain by an orc warlord
             ... wielding a +1 war axe
              (40 damage)
             ... on level 2 of the Orcish Mines.
             The game lasted 00:46:47 (11356 turns).

DildoBatman the Artisan of Death (Formicid Wizard) Turns: 11356, Time: 00:46:47

Health: -4/75      AC: 10    Str: 15    XL:     11   Next: 71%
Magic:  1/23       EV: 12    Int: 21    God:    Kikubaaqudgha [***...]
Gold:   1312       SH: 11    Dex:  9    Spells: 6/27 levels left

rFire    . . .     SeeInvis +   a - +12 falchion of Anguish {freeze, +Fly rPois rN+ Str-3}
rCold    . . .     Gourm    .   W - +2 buckler
rNeg     + . .     Faith    .   t - +3 leather armour
rPois    +         Spirit   .   (helmet unavailable)
rElec    +         Reflect  +   (no cloak)
rCorr    .         Harm     .   B - +0 pair of gloves {Str+3}
MR       +....                  u - +0 pair of boots of Koliwim {*Contam +Blink rElec rPois}
Stlth    ++........             w - +5 amulet of reflection
HPRegen  0.22/turn              L - +3 ring of strength
MPRegen  0.18/turn              F - +2 ring of protection

@: no status effects
A: permanent stasis, dig shafts and tunnels, four strong arms, antennae 3
a: Dig, Shaft Self, Receive Corpses, Renounce Religion, Evoke Flight


You were on level 2 of the Orcish Mines.
You worshipped Kikubaaqudgha.
Kikubaaqudgha was most pleased with you.
You were not hungry.

You visited 3 branches of the dungeon, and saw 14 of its levels.

You collected 1312 gold pieces.

Inventory:

Hand Weapons
 a - the +12 falchion of Anguish (weapon) {freeze, +Fly rPois rN+ Str-3}
   (You found it on level 6 of the Dungeon)

   It has been specially enchanted to freeze those struck by it, causing extra
   injury to most foes and up to half again as much damage against particularly
   susceptible opponents.
   It can also slow down cold-blooded creatures.
   It affects your strength (-3).
   It protects you from poison.
   It protects you from negative energy.
   It lets you fly.
 b - a +1 spear of pain
 c - a +0 shortbow
Missiles
 d - 4 javelins (quivered)
 e - 189 arrows
 f - 29 poisoned needles
 h - 55 sling bullets
 q - 181 stones
 O - 6 bolts
Armour
 t - a +3 leather armour (worn)
 u - the +0 pair of boots of Koliwim (worn) {*Contam +Blink rElec rPois}
   (You acquired it on level 8 of the Dungeon)

   It insulates you from electricity.
   It protects you from poison.
   It lets you blink.
   It causes magical contamination when unequipped.
 B - a +0 pair of gloves of strength (worn)
 T - a +2 leather armour of cold resistance
 W - a +2 buckler (worn)
Magical Staves
 U - an uncursed staff of cold
Jewellery
 w - a +5 amulet of reflection (around neck)
 A - an uncursed ring of flight
 F - a +2 ring of protection (right hand)
 L - a +3 ring of strength (left hand)
 M - an uncursed ring of positive energy
 N - a +2 ring of intelligence
Wands
 l - a wand of iceblast (12)
 p - a wand of clouds (4)
 r - a wand of acid (7)
Scrolls
 m - 4 scrolls of enchant armour
 n - 5 scrolls of enchant weapon
 s - 3 scrolls of fog
 x - a scroll of remove curse
 y - 2 scrolls of amnesia
 z - a scroll of identify
 G - 4 scrolls of fear
 K - a scroll of brand weapon
Potions
 g - 2 potions of agility {unknown}
 i - 2 potions of flight {unknown}
 j - 2 potions of might {unknown}
 k - 2 potions of magic {unknown}
 E - 2 potions of curing
 H - a potion of heal wounds
 J - a potion of lignification {unknown}
 P - a potion of brilliance {unknown}
 R - 3 potions of degeneration {unknown}
 S - a potion of berserk rage {unknown}
Miscellaneous
 D - a lamp of fire (inert)
 I - a phantom mirror
Comestibles
 v - 14 rations
 C - 8 chunks of flesh


   Skills:
 - Level 3.1 Fighting
 - Level 3.1 Armour
 - Level 3.2 Dodging
 - Level 2.4 Stealth
 - Level 4.8 Shields
 - Level 8.8 Spellcasting
 - Level 6.0 Conjurations
   Level 1.0 Summonings
 - Level 9.0 Necromancy
   Level 0.8 Translocations
 - Level 5.0 Fire Magic
 - Level 5.0 Air Magic
 * Level 3.1 Earth Magic


You had 6 spell levels left.
You knew the following spells:

 Your Spells              Type           Power        Failure   Level  Hunger
a - Conjure Flame         Conj/Fire      ####....     2%          3    None
b - Borgnjor's Vile Clut  Necr/Erth      ####......   21%         5    #####..
d - Vampiric Draining     Necr           #####.....   1%          3    None
e - Mephitic Cloud        Conj/Pois/Air  ###.....     6%          3    None
h - Dispel Undead         Necr           #####...     6%          5    #####..
z - Sublimation of Blood  Necr           #####.....   1%          2    None

Your spell library contained the following spells:

 Spells                   Type           Power        Failure   Level  Hunger
 Magic Dart               Conj           ####         1%          1    None
 Pain                     Necr           ####         1%          1    None
 Corpse Rot               Necr           N/A          1%          2    None
 Summon Small Mammal      Summ           ##..         6%          1    None
 Agony                    Necr           #####...     6%          5    #####..
 Call Imp                 Summ           ##......     9%          2    None
 Bolt of Draining         Conj/Necr      #####.....   11%         5    #####..
 Slow                     Hex            #.......     14%         2    None
 Call Canine Familiar     Summ           ##......     19%         3    None
 Summon Guardian Golem    Hex/Summ       ##......     22%         3    None
 Summon Lightning Spire   Summ/Air       ###.....     26%         4    ###....
 Summon Ice Beast         Ice/Summ       ##......     58%         4    ###....
 Simulacrum               Ice/Necr       ####......   91%         6    ######.
 Blink                    Tloc           Unusable     N/A         2    N/A

Dungeon Overview and Level Annotations

Branches:
Dungeon (11/15)            Temple (1/1) D:7             Orc (2/2) D:11
   Lair: D:8-11         Elf: Orc:2

Altars:
Ashenzari
Cheibriados
Dithmenos
Elyvilon
Fedhas
Gozag
Hepliaklqana
Kikubaaqudgha
Makhleb
Nemelex Xobeh
Okawaru
Qazlal
Ru
Sif Muna
Trog
Uskayaw
Vehumet
Wu Jian
Xom
Yredelemnul
Zin
The Shining One

Shops:
D:4 %   D:7 =

Annotations:
D:2 exclusions: dancing weapon and 1 more exclusion
D:3 exclusion: crimson imp
D:4 1 exclusion
D:6 2 transporters, Tali's ghost, novice DsBe
D:11 exclusion: oklob plant


Innate Abilities, Weirdness & Mutations

You cannot be hasted, slowed, berserked, paralysed or teleported.
You can dig through walls and to a lower floor.
Your four strong arms can wield two-handed weapons with a shield.
You have a pair of large antennae on your head. (SInv)


Message History

Confirm with . or Enter, or press ? or * to list all spells.
Aiming: Conjure Flame (safe; 2% risk of failure)
Press: ? - help, Dir - move target cursor, p - orc warlord The fire ignites!
The zombie hands constrict the orc warlord.
The orc warlord escapes!
You retract your mandibles.
You hit the orc warlord. You freeze the orc warlord.
The orc warlord is severely wounded.
The orc warlord is engulfed in blazing flames.
You hit the orc warlord. You freeze the orc warlord.
The orc warlord is almost dead.
The orc warlord seems less confused.
The orc warlord is engulfed in blazing flames.
The orc warlord hits you with a +1 war axe!!!
Ouch! That really hurt!
You die...
Kikubaaqudgha rasps: "You have failed me!
Welcome... death!"

##.#
##.##
##.##
##.##
##)##
##.##
##.##
##o##
#@##
###


You could see an orc warlord.

Vanquished Creatures
  2 two-headed ogres (D:10)
  An orc knight (Orc:2)
  2 gargoyles
  A troll (D:10)
  Prince Ribbit (D:5)
  3 slime creatures
  A hippogriff (D:7)
  A wraith (D:10)
  6 yaks
  2 hungry ghosts
  A warg (Orc:1)
  Menkaure (D:5)
  A water moccasin (D:8)
  5 orc warriors
  2 ice beasts (D:9)
  2 sky beasts (D:9)
  A black bear (D:7)
  2 phantoms
  5 ogres
  9 centaurs
  A big kobold (D:9)
  Blork the orc (D:6)
  3 bullfrogs
  2 killer bees (D:8)
  6 scorpions
  A howler monkey (D:7)
  A crimson imp (D:9)
  3 jellies
  A quasit (D:8)
  3 hounds
  2 bullfrog zombies (D:9)
  A centaur zombie (D:10)
  7 orc priests
  10 orc wizards
  A centaur skeleton (D:7)
  A bullfrog skeleton (D:5)
  3 iguanas
  6 worker ants
  5 hound skeletons
  7 gnolls
  7 adders
  4 shadow imps
  An ooze (D:2)
  A dart slug (D:2)
  2 leopard geckos
  25 orcs
  2 ball pythons
  3 giant cockroaches
  3 goblins
  5 hobgoblins
  12 jackals
  16 kobolds
  5 quokkas
  6 bats
  2 frilled lizards
  A jackal zombie (D:9)
  A leopard gecko skeleton (D:5)
  A quokka skeleton (D:4)
  A quokka zombie (D:5)
  6 rats
218 creatures vanquished.

Vanquished Creatures (others)
  A killer bee (D:8)
1 creature vanquished.

Grand Total: 219 creatures vanquished

Notes
Turn   | Place    | Note
-------+----------+-------------------------------------------
     0 | D:1      | DildoBatman the Formicid Wizard began the quest for the
                  | Orb.
     0 | D:1      | Reached XP level 1. HP: 13/13 MP: 4/4
    28 | D:1      | Reached skill level 1 in Conjurations
   383 | D:1      | Reached XP level 2. HP: 18/19 MP: 4/6
  1275 | D:2      | Reached XP level 3. HP: 24/24 MP: 1/7
  1280 | D:2      | Learned a level 3 spell: Conjure Flame
  1284 | D:2      | Learned a level 3 spell: Mephitic Cloud
  1400 | D:2      | Noticed a scorpion
  1938 | D:2      | Killed a scorpion
  1938 | D:2      | Reached XP level 4. HP: 20/30 MP: 2/8
  2001 | D:2      | Found a hide-covered altar of Uskayaw.
  2003 | D:2      | Noticed a +0 hand axe
  2003 | D:2      | Noticed a +0 hand axe
  2017 | D:2      | Reached XP level 5. HP: 23/35 MP: 0/9
  2356 | D:2      | Noticed a sky beast
  3341 | D:4      | Noticed an ogre
  3369 | D:4      | Killed an ogre
  3369 | D:4      | Reached XP level 6. HP: 41/41 MP: 0/10
  3475 | D:4      | Noticed an ogre
  3516 | D:4      | Killed an ogre
  3516 | D:4      | Reached skill level 5 in Conjurations
  3698 | D:4      | Noticed an ogre
  3699 | D:4      | Reached XP level 7. HP: 33/46 MP: 4/11
  4047 | D:4      | Found a snail-covered altar of Cheibriados.
  4285 | D:4      | Found Vocve's Food Boutique.
  4742 | D:4      | Reached skill level 1 in Fire Magic
  4742 | D:4      | Reached skill level 1 in Air Magic
  4934 | D:5      | Entered Level 5 of the Dungeon
  5157 | D:5      | Reached XP level 8. HP: 47/52 MP: 3/12
  5494 | D:5      | Noticed Menkaure
  5879 | D:5      | Noticed Prince Ribbit
  5907 | D:6      | Found an ancient bone altar of Kikubaaqudgha.
  5916 | D:6      | Became a worshipper of Kikubaaqudgha
  5949 | D:5      | Killed Menkaure
  5975 | D:5      | Killed Prince Ribbit
  6038 | D:6      | Found a burning altar of Makhleb.
  6045 | D:6      | Noticed Blork the orc
  6071 | D:6      | Killed Blork the orc
  6295 | D:6      | Got a transparent falchion
  6296 | D:6      | Identified the +12 falchion of Anguish {freeze, +Fly rPois
                  | rN+ Str-3} (You found it on level 6 of the Dungeon)
  6332 | D:6      | Noticed Tali's ghost (novice DsBe)
  6333 | D:6      | Found a transporter.
  6333 | D:6      | Found a transporter.
  6942 | D:7      | Found a staircase to the Ecumenical Temple.
  6947 | Temple   | Entered the Ecumenical Temple
  7018 | D:7      | Reached skill level 5 in Fire Magic
  7057 | D:7      | Reached XP level 9. HP: 48/57 MP: 3/13
  7265 | D:7      | Reached skill level 5 in Air Magic
  7341 | D:7      | Found Ijiocir's Jewellery Emporium.
  7490 | D:7      | Reached skill level 1 in Necromancy
  7770 | D:8      | Reached skill level 2 in Necromancy
  7773 | D:8      | Reached skill level 3 in Necromancy
  7808 | D:8      | Reached * piety under Kikubaaqudgha
  7808 | D:8      | Identified Kikubaaqudgha's Handbook of Dark Rites
                  | (Kikubaaqudgha gifted it to you on level 8 of the Dungeon)
  7808 | D:8      | Received a gift from Kikubaaqudgha
  7808 | D:8      | Reached skill level 4 in Necromancy
  7809 | D:8      | Noticed a hippogriff
  7814 | D:8      | Identified the cursed +3 falchion of Hepliaklqana {slice,
                  | rN+}
  7843 | D:7      | Killed a hippogriff
  7871 | D:8      | Reached skill level 5 in Necromancy
  7906 | D:8      | Learned a level 2 spell: Sublimation of Blood
  7910 | D:8      | Learned a level 3 spell: Vampiric Draining
  8443 | D:8      | Found a white marble altar of Elyvilon.
  8455 | D:8      | Reached skill level 6 in Necromancy
  8465 | D:8      | Reached XP level 10. HP: 48/63 MP: 8/16
  8484 | D:8      | Found a radiant altar of Vehumet.
  8494 | D:8      | Found a shattered altar of Ashenzari.
  8569 | D:8      | Identified a scroll of acquirement
  8570 | D:8      | Got a pair of jewelled boots
  8576 | D:8      | Identified the +0 pair of boots of Koliwim {*Contam +Blink
                  | rElec rPois} (You acquired it on level 8 of the Dungeon)
  8654 | D:9      | Reached skill level 7 in Necromancy
  8794 | D:8      | Reached skill level 8 in Necromancy
  9027 | D:9      | Reached skill level 9 in Necromancy
  9133 | D:9      | Reached skill level 5 in Spellcasting
  9254 | D:9      | Reached ** piety under Kikubaaqudgha
  9418 | D:9      | Reached XP level 11. HP: 46/68 MP: 17/22
  9636 | D:10     | Entered Level 10 of the Dungeon
  9778 | D:10     | Noticed a two-headed ogre
  9818 | D:10     | Killed a two-headed ogre
 10087 | D:10     | Reached skill level 1 in Fighting
 10087 | D:10     | Reached skill level 1 in Armour
 10192 | D:10     | Noticed a two-headed ogre
 10213 | D:10     | Killed a two-headed ogre
 10687 | D:11     | Noticed an oklob plant
 10719 | D:11     | Noticed a six-headed hydra
 10760 | D:11     | Found a staircase to the Orcish Mines.
 10768 | Orc:1    | Entered Level 1 of the Orcish Mines
 11093 | Orc:1    | Reached *** piety under Kikubaaqudgha
 11093 | Orc:1    | Identified Kikubaaqudgha's Reference Book on Black Arts
                  | (Kikubaaqudgha gifted it to you on level 1 of the Orcish
                  | Mines)
 11093 | Orc:1    | Received a gift from Kikubaaqudgha
 11106 | Orc:1    | Learned a level 5 spell: Dispel Undead
 11112 | Orc:1    | Learned a level 5 spell: Borgnjor's Vile Clutch
 11280 | Orc:2    | Entered Level 2 of the Orcish Mines
 11303 | Orc:2    | Reached skill level 1 in Earth Magic
 11319 | Orc:2    | Noticed an orc knight
 11319 | Orc:2    | Noticed an orc sorcerer
 11319 | Orc:2    | Noticed an orc warlord
 11349 | Orc:2    | Killed an orc knight
 11356 | Orc:2    | Slain by an orc warlord

Skill      XL: |  1  2  3  4  5  6  7  8  9 10 11 |
---------------+----------------------------------+-----
Conjurations   | 1 2 3 4 5 6 |  6.0
Shields        | 3 4 |  4.8
Fire Magic     | 2 5 |  5.0
Air Magic      | 2 4 5 |  5.0
Necromancy     | 6 9 |  9.0
Spellcasting   | 4 7 8 |  8.8
Fighting       | 3 |  3.1
Armour         | 3 |  3.1
Dodging        | 3 |  3.2
Earth Magic    | 3 |  3.1
Stealth        | |  2.4
Summonings     | |  1.0
Translocations | |  0.8

Action                   |  1- 3 |  4- 6 |  7- 9 | 10-12 || total
-------------------------+-------+-------+-------+-------++-------
Melee: Unarmed           |     3 |       |       |       ||     3
       Whip              |    18 |       |       |       ||    18
       Flail             |     9 |    11 |       |       ||    20
       Dagger            |       |    11 |    83 |       ||    94
       Falchion          |       |       |   128 |   219 ||   347
       Spear             |       |       |       |     7 ||     7
Throw: Javelin           |       |       |     2 |       ||     2
 Cast: Magic Dart        |    84 |    87 |    69 |       ||   240
       Mephitic Cloud    |     1 |     4 |    24 |    25 ||    54
       Conjure Flame     |       |       |    11 |    22 ||    33
       Vampiric Draining |       |       |       |    11 ||    11
       Borgnjor's Vile C |       |       |       |     2 ||     2
 Abil: Dig               |     3 |     5 |    22 |    15 ||    45
Evoke: Wand              |       |       |     1 |    29 ||    30
       Lamp of fire      |       |       |       |     1 ||     1
  Use: Scroll            |       |     5 |     5 |     5 ||    15
 Stab: Sleeping          |     1 |     1 |       |       ||     2
       Confused          |     1 |       |     5 |     6 ||    12
  Eat: Chunk             |     4 |     8 |    15 |    13 ||    40
       Ration            |       |       |     2 |     2 ||     4
Armor: Robe              |     1 |     8 |       |       ||     9
       Leather armour    |       |       |    52 |    36 ||    88
Dodge: Dodged            |    44 |    39 |    69 |    93 ||   245
Block: Other             |       |     2 |       |       ||     2
       Reflection        |       |     1 |     3 |     3 ||     7
       Buckler           |       |       |    97 |   112 ||   209
       Rpst.: Falchion   |       |       |    13 |    35 ||    48
